Unix NetHack Version 3.7.0-89 Work-in-progress - last build Oct 25 2023 09:30:04 (f0f4d860daac63e3cbb99997f3143a95df660311,branch:master). Game began 2023-10-27 09:15:04, ended 2023-10-27 11:45:48. Mishka, chaotic female orcish Barbarian ----- ------ |...| |)...| |...----.%..| |...........| |..--->---0.| ---.---------| |.....|<.....| |.....|----..| |.....| |u-- |.....-----o| |.........i.| ----------..| ---- Mishka the Bandit St:18/03 Dx:15 Co:18 In:7 Wi:7 Ch:7 Chaotic S:5025 Dlvl:6 $:115 HP:0(81) Pw:10(10) AC:5 Xp:7/1150 T:5762 Burdened Latest messages: The grid bug is killed! You smite the gelatinous cube! You are frozen by the gelatinous cube! The gelatinous cube touches you! The gelatinous cube touches you! The panther hits! The panther hits again! The panther bites! The panther hits! The panther hits again! The panther bites! The panther hits! The panther hits again! The panther bites! You can move again. You swap places with your pony. You see here a bow. You see here an owlbear corpse. The pony picks up a bow. The pony drops a bow. The pony picks up a bow. The pony drops a bow. The gelatinous cube eats a bow! Where do you want to travel to? (For instructions type a '?') You fall down the stairs. You swap places with your pony. You stop. Your pony is in the way! You swap places with your pony. The quasit hits! The quasit just misses! The quasit bites! The quasit hits! The quasit hits again! The quasit bites! The quasit hits! The quasit hits again! The quasit bites! The quasit hits! The quasit hits again! The quasit bites! The quasit hits! The quasit's sting was poisoned! The poison doesn't seem to affect you. You die... Do you want your possessions identified? [ynq] (y) Do you want to see your attributes? [ynq] (y) Do you want an account of creatures vanquished? [ynaq] (y) Do you want to see your conduct and achievements? [ynq] (y) Do you want to see the dungeon overview? [ynq] (y) Inventory: Coins $ - 115 gold pieces Weapons g - a +0 orcish dagger (at the ready) m - 2 +0 daggers p - a +0 elven dagger V - the rustproof +0 Cleaver (weapon in hands) Armor c - an uncursed greased +0 orcish ring mail (being worn) j - an uncursed greased +0 orcish helm (being worn) B - a cursed -1 pair of levitation boots F - a blessed +0 pair of elven boots R - an uncursed greased +0 pair of iron shoes (being worn) S - an uncursed greased +0 dwarvish cloak (being worn) Comestibles d - 2 uncursed food rations o - an uncursed slime mold q - an uncursed tripe ration D - an uncursed lizard corpse E - an uncursed lembas wafer X - 2 uncursed candy bars labeled "Moon Crunchy" Scrolls b - an uncursed scroll of create monster h - an uncursed scroll of enchant weapon x - an uncursed scroll of confuse monster z - 2 uncursed scrolls of earth P - an uncursed scroll of amnesia W - an uncursed scroll of light Y - an uncursed scroll of confuse monster Potions r - a cursed potion of gain energy t - an uncursed potion of water u - an uncursed potion of gain ability v - 2 uncursed potions of levitation A - a blessed potion of object detection G - a cursed potion of object detection I - an uncursed potion of fruit juice J - an uncursed potion of sleeping Z - an uncursed potion of confusion Rings l - a cursed -1 ring of gain constitution H - an uncursed ring of fire resistance Wands f - a wand of secret door detection (0:11) w - a wand of slow monster (0:3) K - a wand of secret door detection (0:13) Tools i - a can of grease (0:7) k - an uncursed skeleton key M - an uncursed tin whistle T - a +0 pick-axe Gems/Stones n - an uncursed worthless piece of red glass y - an uncursed garnet stone C - an uncursed worthless piece of yellow glass N - an uncursed jasper stone Mishka the Barbarian's attributes: Background: You were a Bandit, a level 7 female orcish Barbarian. You were chaotic, on a mission for Set who was opposed by Mitra (lawful) and Crom (neutral). You were in Sokoban, on level 6. You entered the dungeon 5762 turns ago. You had 1150 experience points, 130 more were needed to attain level 8. Your score was 5025 before end-of-game adjustments. Basics: You had 0 out of 81 hit points. You had all 10 energy points (spell power). Your armor class was 5. Your wallet contained 115 zorkmids. Autopickup was on for '$?/+"=!%*' plus thrown, with exceptions. Final Characteristics: Your strength was 18/03 (limit:18/50). Your dexterity was 15 (limit:18). Your constitution was 18 (limit:18). Your intelligence was 7 (limit:16). Your wisdom was 7 (limit:16). Your charisma was 7 (limit:16). Final Status: You weren't hungry. You were burdened; movement was slightly slowed. You were wielding an axe. You were skilled in axe. Final Attributes: You were piously aligned. You were cold resistant. You were poison resistant. You saw invisible. You were telepathic. You had infravision. You were warded. You were fast. You are dead. Miscellaneous: You never encountered a bones level. Total elapsed playing time was 2 hours, 26 minutes and 15 seconds. Major events: Turn 1: Mishka the chaotic female orcish Barbarian entered the dungeon 809: attained the rank of Pillager (level 3) 2983: was bestowed with Cleaver by Set 3618: attained the rank of Bandit (level 6) 3794: entered Sokoban 4162: completed 1st Sokoban level 5301: completed 2nd Sokoban level 5762: killed by a quasit Vanquished creatures: a tengu a leocrotta an elf mummy a giant spider a gnome ruler an owlbear a Green-elf 2 lizards a dingo a jaguar a dust vortex a raven an ape 3 human zombies a rope golem 2 wood nymphs 2 rock piercers 2 fog clouds a yellow light a gnome leader a kobold mummy a gray ooze 3 elf zombies a ghoul 2 baby crocodiles 2 little dogs 2 floating eyes a kitten 2 dwarves a kobold leader a kobold shaman 2 rothes 4 rabid rats a giant bat 2 iguanas 2 killer bees an acid blob 6 coyotes 3 hobbits a large kobold a cave spider a red mold 4 gnomes a gnome zombie a gecko 8 jackals 2 foxes 2 kobolds 2 goblins 7 sewer rats 8 grid bugs 3 bats 5 lichens 2 kobold zombies 4 newts 116 creatures vanquished. No species were genocided or became extinct. Voluntary challenges: You read items or engraved 3 times. You engraved Elbereth 1 time. You never genocided any monsters. You never polymorphed an object. You never changed form. You used no wishes. You did not violate any of the special Sokoban rules. Achievements: You attained the rank of Pillager. You entered a shop. You attained the rank of Bandit. You entered Sokoban. The Dungeons of Doom: levels 1 to 7 Level 1: Level 2: Level 3: Level 4: A general store. Level 5: An altar to Set. Level 6: Many fountains. Oracle of Delphi. Level 7: A fountain. Stairs up to Sokoban, level 6. Sokoban: levels 6 up to 5 Level 5: Solved. Level 6: <- You were here. Solved. Final resting place for you, killed by a quasit. Game over: ---------- / \ / REST \ / IN \ / PEACE \ / \ | Mishka | | 115 Au | | killed by a | | quasit | | | | | | 2023 | *| * * * | * _________)/\\_//(\/(/\)/\//\/|_)_______ Goodbye Mishka the Barbarian... You died in Sokoban on dungeon level 6 with 5014 points, and 115 pieces of gold, after 5762 moves. You were level 7 with a maximum of 81 hit points when you died.